 Dungeon Crawl Stone Soup version 0.31-a0-1-g4198be8af4 (webtiles) character file.

Game seed: 7276919050167756073

570 jasper the Gusty (level 7, 0/46 HPs)
             Began as a Demonspawn Air Elementalist on May 1, 2023.
             Slain by a gnoll
             ... wielding a +0 halberd
              (12 damage)
             ... on level 3 of the Dungeon.
             The game lasted 00:08:53 (4235 turns).

jasper the Gusty (Demonspawn Air Elementalist)      Turns: 4235, Time: 00:08:53

Health: 0/46       AC:  7    Str:  8    XL:     7   Next: 11%
Magic:  11/13      EV: 12    Int: 18    God:
Gold:   58         SH:  0    Dex: 19    Spells: 8/14 levels left

rFire   . . .        i - staff of conjuration
rCold   . . .        (no shield)
rNeg    . . .        a - +0 robe
rPois   .            v - +0 hat of the Orb Guardian {Dex+5}
rElec   .            (no cloak)
rCorr   .            (no gloves)
SInv    .            (no boots)
Will    .....        (no amulet)
Stlth   ++           e - ring of flight
HPRegen 0.27/turn    t - +4 ring of protection
MPRegen 0.13/turn

%: no passive effects
@: flying
A: spiny 1, sharp scales 1, demonic touch 1
a: no special abilities


You were on level 3 of the Dungeon.
You visited 1 branch of the dungeon, and saw 3 of its levels.
You also visited: Sewer.

You collected 100 gold pieces.
You spent 42 gold pieces at shops.

Inventory:

Hand Weapons
 f - a +0 short sword
Missiles
 d - 32 stones
 q - 4 silver javelins
 w - 2 curare-tipped darts
Armour
 a - a +0 robe (worn)
 o - a +1 buckler
 v - the +0 hat of the Orb Guardian (worn) {Dex+5}
   (You found it on level 3 of the Dungeon)

   Dex:       It affects your dexterity (+5).
Magical Staves
 i - a staff of conjuration (weapon)
Jewellery
 e - a ring of flight (left hand)
 t - a +4 ring of protection (right hand)
Wands
 n - a wand of acid (10)
Scrolls
 c - 3 scrolls of identify
 g - a scroll of enchant weapon
 j - 2 scrolls of fog
 r - 3 scrolls of magic mapping
Potions
 b - a potion of magic
 h - 4 potions of might
 k - 2 potions of curing
 l - a potion of attraction
 m - a potion of lignification
 p - a potion of degeneration
 x - 3 potions of flight


   Skills:
 - Level 1.7 Dodging
 - Level 1.7 Stealth
 + Level 4.4 Spellcasting
 + Level 4.3 Conjurations
 + Level 4.8 Air Magic


You had 8 spell levels left.
You knew the following spells:

 Your Spells              Type           Power      Damage    Failure   Level
a - Shock                 Conj/Air       100%       1d9       2%          1
b - Static Discharge      Conj/Air       60%        2-5/arc   3%          2
c - Swiftness             Air            21%        N/A       6%          3

Your spell library contained the following spells:

 Spells                   Type           Power      Damage    Failure   Level
 Poisonous Vapours        Pois/Air       24%        N/A       8%          2
 Momentum Strike          Conj/Tloc      34%        3d8       9%          2
 Necrotise                Necr           12%        1d4       14%         1
 Airstrike                Air            10%        2d(2-18)  19%         4
 Blink                    Tloc           6%         N/A       22%         2
 Lesser Beckoning         Tloc           6%         N/A       22%         2
 Vampiric Draining        Necr           3%         2d6       38%         3
 Agony                    Necr           3%         N/A       98%         5
 Alistair's Intoxication  Tmut/Pois      2%         N/A       98%         5
 Eringya's Noxious Bog    Tmut/Pois      1%         N/A       100%        6


Dungeon Overview and Level Annotations

Branches:
Dungeon (3/15)              Sewer (visited)

Altars:
Makhleb
Nemelex Xobeh
Qazlal
Uskayaw
Wu Jian

Shops:
D:3 !

Annotations:
D:3 3 transporters


Innate Abilities, Weirdness & Mutations

You are partially covered in sharp spines.
You are partially covered in razor-sharp scales. (AC +1, Slay +1)
Your touch may inflict minor irresistible damage on your foes.


Message History

You take 14 damage, and have 5/41 hp.
MASSIVE DAMAGE!!
You feel better.
You stop sporulating.
Your staff of conjuration unmelds from your body.
The +0 hat of the Orb Guardian {Dex+5} unmelds from your body.
Your +0 robe unmelds from your body.
The gnoll sergeant hits you from afar with a +2 trident of chaos!
* * * LOW HITPOINT WARNING * * *
Casting: Static Discharge (safe; 3% risk of failure)
Confirm with . or Enter, or press ? or * to list all spells.
Aiming: Shock (safe; 2% risk of failure)
Press: ? - help, Shift-Dir - straight line You feel a surge of power!
The zap hits the gnoll sergeant.
The gnoll sergeant is almost dead.
The zap misses the gnoll sergeant.
The gnoll sergeant barely misses you.
You now have 10/12 mp.
Casting: Shock (safe; 2% risk of failure)
Confirm with . or Enter, or press ? or * to list all spells.
Aiming: Shock (safe; 2% risk of failure)
Press: ? - help, Shift-Dir - straight line You feel a surge of power!
The zap hits the gnoll sergeant.
You kill the gnoll sergeant!
You have reached level 7!
Your demonic ancestry asserts itself...
Your hands begin to faintly glow with unholy energy.
You now have 9/13 mp.
You see here a +0 flail.
n - a wand of acid (10)
There is an open translucent door, spattered with blood here.
You see here a gnoll corpse.
Things that are here:
a +2 trident of chaos; a +0 scale mail; a +1 buckler
o - a +1 buckler The gnoll throws a throwing net.
The throwing net closely misses you.
You see here a throwing net.
You see here a throwing net.
Things that are here:
a +2 trident of chaos; a +0 scale mail The gnoll hits you from afar with a +0 halberd!
You die...

######.........................
#...........................###
#.≈≈≈≈≈≈≈≈≈≈≈...≈≈≈≈≈≈≈≈≈≈≈.#
#.≈≈≈≈≈≈≈≈≈≈≈...≈≈≈≈≈≈≈≈≈≈≈.#
#.≈≈#####...........#####≈≈.###
##.≈≈#.8.#.###.©.###.#g8.#≈≈....
#..≈≈#...###©#####.###...#≈≈.###
#..≈≈###.......).g(....###≈≈.#
#..≈≈.8#.##'###@######.#8.≈≈.#
#..≈≈.##.#...#.)8#?.$#.##.≈≈.#
#..~~.#..'...).©⌠#:.$'..#.~~.###
#..≈≈.##.#...#..8#=.$#.##.≈≈....
#..≈≈.8#g##'###'######.#8.≈≈.#..
#..≈≈###..............g###≈≈....
#..≈≈#g..###.#####.###...#≈≈....
#..≈≈#.8.#.###.©.###.#.8.#≈≈.#..
#..≈≈#####...........#####≈≈....


You could see a gnoll.

Vanquished Creatures
  The ghost of TrollFarmer the Digger, an amateur GrEE (D:3)
  A phantom (D:3)
  2 kobold brigands (Sewer)
  A gnoll sergeant (D:3)
  7 gnolls (D:3)
  2 river rats
  3 adders
  A worm (D:2)
  An orc (D:3)
  6 ball pythons
  5 endoplasms
  3 giant cockroaches
  4 goblins
  8 hobgoblins
  7 jackals
  13 kobolds
  3 quokkas
  6 bats
  3 frilled lizards
  15 rats
92 creatures vanquished.

Vanquished Creatures (others)
  6 plants (D:3)
6 creatures vanquished.

Grand Total: 98 creatures vanquished

Notes
Turn   | Place    | Note
-------+----------+-------------------------------------------
     0 | D:1      | jasper the Demonspawn Air Elementalist began the quest for
                  | the Orb.
     0 | D:1      | Reached XP level 1. HP: 13/13 MP: 3/3
   279 | D:1      | Gained mutation: You are partially covered in sharp spines.
                  | [demonic ancestry]
   279 | D:1      | Reached XP level 2. HP: 19/19 MP: 3/5
   282 | D:1      | Learned a level 2 spell: Static Discharge
   884 | D:1      | Got Hiobb's Folio of Foggy Contaminants
  1096 | D:1      | Reached XP level 3. HP: 24/24 MP: 4/6
  1100 | D:1      | Learned a level 3 spell: Swiftness
  2346 | D:3      | Reached XP level 4. HP: 30/30 MP: 3/8
  2400 | D:3      | Found Xofuwkee's Distillery.
  2417 | D:3      | Bought a potion of curing for 42 gold pieces
  2452 | D:3      | Found a transporter.
  2452 | D:3      | Found a transporter.
  2455 | D:3      | Noticed a gnoll sergeant
  2462 | D:3      | Noticed TrollFarmer's ghost (amateur GrEE)
  2496 | D:3      | Identified the +0 hat of the Orb Guardian {Dex+5}
  2567 | D:3      | Found a glowing drain.
  2639 | Sewer    | Entered a sewer
  2898 | Sewer    | Noticed a kobold brigand
  2901 | Sewer    | Noticed a kobold brigand
  2909 | Sewer    | Killed a kobold brigand
  2910 | Sewer    | Gained mutation: You are partially covered in razor-sharp
                  | scales. (AC +1, Slay +1) [demonic ancestry]
  2910 | Sewer    | Reached XP level 5. HP: 35/35 MP: 5/10
  3024 | Sewer    | Identified a scroll of acquirement
  3024 | Sewer    | Acquired a staff of conjuration
  3195 | D:3      | Found a transporter.
  3218 | D:3      | Found a transporter.
  3282 | D:3      | Reached XP level 6. HP: 38/41 MP: 4/11
  3366 | D:3      | Found a hide-covered altar of Uskayaw.
  3403 | D:3      | Found a stormy altar of Qazlal.
  3544 | D:3      | Identified the +0 chain mail "Veodd" {*Slow rF+ Str+3
                  | Int+2}
  3549 | D:3      | Found a burning altar of Makhleb.
  3695 | D:3      | Found an ornate altar of the Wu Jian Council.
  3893 | D:3      | Found a sparkling altar of Nemelex Xobeh.
  4213 | D:3      | Killed TrollFarmer's ghost
  4222 | D:3      | Gained mutation: Your touch may inflict minor irresistible
                  | damage on your foes. [demonic ancestry]
  4222 | D:3      | Reached XP level 7. HP: 8/46 MP: 9/13
  4235 | D:3      | Slain by a gnoll

Illustrated notes

Levels and vault maps discovered:
D:1:      pf_arrival_petrified_forest, layout_basic
D:2:      layout_basic, chequers_avenue
D:3:      gammafunk_steamed_eel, layout_loops_cross,
          nemelex_diamond_rough_becter, eat_drink_and_be_merry_uskayaw,
          overflow_temple_1_default, mainiacjoe_overflow_two_lobes,
          gammafunk_ghost_gnarly_gnolls, serial_shops,
          nicolae_shop_advertising_works [nicolae_subvault_shop_adworks],
          portal_sewer_entry_c, due_unseen_surprise

Skill      XL: |  1  2  3  4  5  6 |
---------------+-------------------+-----
Air Magic      | 3 4 |  4.8
Conjurations   | 2 3 4 |  4.3
Spellcasting   | 3 4 |  4.4
Dodging        | |  1.7
Stealth        | |  1.7

Action                     |  1- 3 |  4- 6 |  7- 9 || total
---------------------------+-------+-------+-------++-------
  Melee: Short sword       |    14 |    35 |       ||    49
         Punch             |       |     1 |       ||     1
         Unarmed           |       |    17 |       ||    17
   Cast: Shock             |    77 |    74 |       ||   151
         Static Discharge  |     4 |     9 |       ||    13
    Use: Potion            |       |     5 |       ||     5
         Scroll            |       |    14 |       ||    14
 Armour: Robe              |     7 |    12 |       ||    19
         Skin              |       |     8 |       ||     8
  Dodge: Dodged            |    14 |    67 |     1 ||    82

Table legend: (Time is in decaauts)
 A = Elapsed time spent in this place.
 B = Non-inter-level travel time spent in this place.
 C = Inter-level travel time spent in this place.
 D = Time resting spent in this place.
 E = Time spent auto-exploring this place.
 F = Levels seen in this place.
 G = Mean time per level.
                   A        B        C        D        E       F      G
               +--------+--------+--------+--------+--------+-----+--------+
         Total |   4230 |   4110 |    120 |    446 |   3027 |   4 | 1057.5 |
       Dungeon |   3690 |   3570 |    120 |    319 |   2744 |   3 | 1230.0 |
         Sewer |    540 |    540 |      0 |    127 |    283 |   1 |  540.0 |
               +--------+--------+--------+--------+--------+-----+--------+

Top non-repeatable levels by time:
     D:3: 1381 daAuts
     D:1: 1166 daAuts
     D:2: 1142 daAuts
   Sewer: 540 daAuts
